 Dungeon Crawl Stone Soup version 0.17-a0-1435-geafbe2f (console) character file.

768 hyperkellhus the Digger (level 7, 0/50 HPs)
             Began as a Centaur Earth Elementalist on June 26, 2015.
             Slain by a river rat (7 damage)
             ... summoned by Eustachio
             ... on level 4 of the Dungeon.
             The game lasted 00:13:37 (5188 turns).

hyperkellhus the Digger (CeEE)                      Turns: 5188, Time: 00:13:38

Health: 0/50       AC: 13    Str: 11      XL:     7   Next: 52%
Magic:  9/13       EV:  9    Int: 16      God:
Gold:   174        SH:  0    Dex:  7 (9)  Spells: 2 memorised, 10 levels left

rFire  . . .     SeeInvis .     a - +1 flail (protect)
rCold  . . .     Clarity  .     r - +0 robe
rNeg   . . .     SustAt   .     (no shield)
rPois  .         Gourm    .     (no helmet)
rElec  .         Spirit   .     l - +2 cloak {MR+}
rCorr  .         Warding  .     x - +0 pair of gloves
rMut   .         Stasis   .     (no barding)
MR     +....                    (no amulet)
Stlth  +.........               (no ring)
                                (no ring)

@: very quick, somewhat resistant to hostile enchantments, very unstealthy
A: hooves 3, deformed body, speed 2, tough skin 3
a: no special abilities


You were on level 4 of the Dungeon.
You were hungry.

You visited 1 branch of the dungeon, and saw 4 of its levels.

You collected 174 gold pieces.

Inventory:

Hand weapons
 a - a +1 flail of protection (weapon)
 g - a +0 blowgun
 y - a +0 mace
 A - a +0 dagger of venom
 O - a +1 whip of venom
Missiles
 b - 65 stones (quivered)
 s - 36 poisoned needles
Armour
 l - a +2 cloak of magic resistance (worn)
 r - a +0 robe (worn)
 x - a +0 pair of gloves (worn)
Jewellery
 m - an uncursed ring of positive energy {unknown}
 z - an uncursed amulet of the gourmand {unknown}
 F - a cursed ring of teleportation {unknown}
Scrolls
 e - 2 scrolls of recharging {unknown}
 i - 3 scrolls of fear {unknown}
 j - 2 scrolls of noise {unknown}
 o - 6 scrolls of identify {unknown}
 q - 2 scrolls of random uselessness {unknown}
 u - a scroll of amnesia {unknown}
 C - 2 scrolls of teleportation {unknown}
 D - 3 scrolls of remove curse {unknown}
 J - 3 scrolls of blinking {unknown}
 L - a scroll of immolation {unknown}
Potions
 k - 4 potions of curing
 n - 2 potions of degeneration {unknown}
 t - a potion of poison {unknown}
 v - 2 potions of ambrosia {unknown}
 B - a potion of mutation {unknown}
 G - 2 potions of might {unknown}
 N - a potion of flight {unknown}
Books
 c - a book of Geomancy

   Spells                             Type                      Level
   a - Sandblast                      Earth                        1
   b - Stoneskin                      Transmutation/Earth          2
   c - Passwall                       Transmutation/Earth          3
   d - Stone Arrow                    Conjuration/Earth            3
   e - Petrify                        Transmutation/Earth          4
   f - Lee's Rapid Deconstruction     Earth                        5
 I - a book of Envenomations

   Spells                             Type                      Level
   a - Spider Form                    Transmutation/Poison         3
   b - Alistair's Intoxication        Transmutation/Poison         4
   c - Olgreb's Toxic Radiance        Poison                       4
   d - Poisonous Cloud                Conjuration/Poison/Air       6
Comestibles
 d - 3 bread rations
 h - a slice of pizza
 p - 3 meat rations
 M - 5 fruits


   Skills:
 - Level 1.3 Dodging
 - Level 1.2 Stealth
 - Level 4.3 Spellcasting
   Level 0.8 Transmutations
 + Level 6.5 Earth Magic


You had 10 spell levels left.
You knew the following spells:

 Your Spells              Type           Power        Failure   Level  Hunger
a - Sandblast             Erth           ###...       1%          1    None
b - Stone Arrow           Conj/Erth      ##....       14%         3    ###....


Dungeon Overview and Level Annotations

Branches:
Dungeon (4/15)
 Temple: D:4-7

Altars:
Trog

Annotations:
D:4 Eustachio, Menkaure


Innate Abilities, Weirdness & Mutations

You have hooves in place of feet.
Armour fits poorly on your strangely shaped body.
You cover ground very quickly.
You have extremely tough skin (AC +3).


Message History

The quasit claws you but does no damage.
You hit the river rat. Your kick misses the river rat.
The river rat is heavily wounded.
The quasit bites you.
* * * LOW HITPOINT WARNING * * *
You feel clumsy. The quasit barely misses you.
The quasit claws you but does no damage.
The quasit bites you but does no damage.
The quasit barely misses you.
The quasit claws you but does no damage.
The river rat barely misses you.
The iron imp shouts, "Back with thee, thou fulsome hedge-born horse meat!"
The quasit bites you but does no damage.
The quasit claws you but does no damage.
The quasit closely misses you. The quasit bites you.
* * * LOW HITPOINT WARNING * * *
The quasit claws you but does no damage. x2
The river rat bites you!
You die...

#.#########.# ### #)#
#.# (.# #.# #.#
.ยง###.#### #.#
.5r.r.##<# #.#
@.######.# #@# .5# #.#
#5# ..# #.# #5######
<## #.# #5@r...#
########.###########.#
..##.............# #.#
..##.###.#.##.##.# #.#
..##.....#.##.##.###.##
..##.##..#.##.##......#
...).....#.##.#########
####.###.#.##.#
...>...#.#.##.#####


You could see Eustachio, an iron imp, 2 quasits and a river rat.

Vanquished Creatures
  Sigmund (D:4)
  Edmund (D:4)
  A water moccasin (D:4)
  An ogre (D:4)
  An iguana (D:4)
  An orc priest (D:4)
  A giant frog skeleton (D:4)
  2 orc wizards
  Natasha (twice) (D:2)
  3 adders
  An ooze (D:2)
  A worm (D:2)
  2 giant geckos (D:2)
  10 orcs
  2 ball pythons
  3 giant cockroaches
  8 goblins
  16 hobgoblins
  11 kobolds
  3 quokkas
  6 bats
  2 giant newts
  7 jackals (D:2)
  6 rats
92 creatures vanquished.

Notes
Turn   | Place    | Note
--------------------------------------------------------------
     0 | D:1      | hyperkellhus the Centaur Earth Elementalist began the quest for the Orb.
     0 | D:1      | Reached XP level 1. HP: 14/14 MP: 3/3
   174 | D:1      | Reached skill level 3 in Earth Magic
   365 | D:1      | Reached XP level 2. HP: 20/20 MP: 0/4
  1198 | D:2      | Noticed Natasha
  1218 | D:2      | Killed Natasha
  1218 | D:2      | Reached skill level 4 in Earth Magic
  1218 | D:2      | Reached XP level 3. HP: 13/26 MP: 0/5
  1483 | D:2      | Reached XP level 4. HP: 33/33 MP: 2/6
  2219 | D:2      | Noticed Natasha
  2222 | D:2      | Killed Natasha
  2508 | D:2      | Reached skill level 5 in Earth Magic
  2604 | D:2      | Reached XP level 5. HP: 18/38 MP: 1/7
  3104 | D:3      | Found a bloodstained altar of Trog.
  4068 | D:4      | Noticed a water moccasin
  4090 | D:4      | Killed a water moccasin
  4090 | D:4      | Reached skill level 6 in Earth Magic
  4090 | D:4      | Reached XP level 6. HP: 13/45 MP: 0/8
  4662 | D:4      | Noticed Sigmund
  4850 | D:4      | Killed Sigmund
  4850 | D:4      | Reached XP level 7. HP: 43/50 MP: 9/12
  4879 | D:4      | Noticed an ogre
  4895 | D:4      | Killed an ogre
  4907 | D:4      | Noticed Edmund
  4940 | D:4      | Killed Edmund
  4948 | D:4      | Learned a level 3 spell: Stone Arrow
  5014 | D:4      | Noticed Eustachio
  5017 | D:4      | Noticed Menkaure
  5188 | D:4      | Slain by a river rat

Vault maps used:
D:1:      roderic_crop_circles_arrival_small
D:2:      minmay_goblin_kobold_house, uniq_natasha
D:3:      first_bread, trog_three_pillars_becter
D:4:      minmay_temple_entry_glassed_door, uniq_sigmund, uniq_edmund,
          uniq_menkaure, uniq_eustachio

Action                   |  1- 3 |  4- 6 |  7- 9 || total
-------------------------+-------+-------+-------++-------
Melee: Unarmed           |     2 |       |       ||     2
       Mace              |    11 |    26 |       ||    37
       Dagger            |       |    13 |       ||    13
       Whip              |       |     3 |       ||     3
       Flail             |       |       |    26 ||    26
 Fire: Blowgun           |       |    17 |    38 ||    55
 Cast: Sandblast         |    43 |   145 |     1 ||   189
       Stone Arrow       |       |       |     1 ||     1
  Use: Potion            |       |       |     1 ||     1
  Eat: Chunk             |     2 |    13 |       ||    15
